 Dungeon Crawl Stone Soup version 0.29.1-1-gd02db6906a (webtiles) character file.

Game seed: 2522137009953549147

1712 MisterFreud the Ducker (level 9, -2/100 HPs)
             Began as a Gnoll Wanderer on Sept 21, 2022.
             Was an Initiate of Yredelemnul.
             Killed from afar by Maggie (16 damage)
             ... with a bolt of fire
             ... on level 6 of the Dungeon.
             The game lasted 00:10:23 (6993 turns).

MisterFreud the Ducker (Gnoll Wanderer)             Turns: 6993, Time: 00:10:24

Health: -2/100     AC: 24    Str: 11    XL:     9   Next: 4%
Magic:  16/16      EV:  2    Int: 16    God:    Yredelemnul [......]
Gold:   273        SH:  0    Dex: 10    Spells: 16/17 levels left

rFire   . . .      SeeInvis .   v - +2 short sword (venom)
rCold   + . .      Faith    .   (no shield)
rNeg    . . .      Spirit   .   (body armour currently unavailable)
rPois   +          Reflect  .   (helmet currently unavailable)
rElec   .          Harm     .   (cloak currently unavailable)
rCorr   .          Rampage  .   (gloves currently unavailable)
Will    .....      NoTele   +   (boots currently unavailable)
Stlth   ++........              (no amulet)
HPRegen 0.26/turn               u - ring of protection from cold
MPRegen 0.15/turn               (no ring)

@: tree-form, invisible
A: stationary, stasis, torment immunity, boosted hp, (fangs 1), strong nose,
distributed training, weak 1
a: Renounce Religion, Recall Undead Harvest


You were on level 6 of the Dungeon.
You worshipped Yredelemnul.
Yredelemnul was noncommittal.
You were a tree.
You visited 1 branch of the dungeon, and saw 6 of its levels.

You collected 273 gold pieces.

Inventory:

Hand Weapons
 a - a +0 club
 h - the +3 broad axe of Remea {vorpal, Will+++ Str+4 Int-5}
   (You acquired it on level 2 of the Dungeon)

   It inflicts extra damage upon your enemies.
   Str:       It affects your strength (+4).
   Int:       It affects your intelligence (-5).
   Will:      It greatly increases your willpower.
 j - a +5 scimitar
 v - a +2 short sword of venom (weapon)
Armour
 c - a +0 robe (melded)
 d - a +0 pair of boots (melded)
 k - a +2 cloak (melded)
 p - a +0 pair of gloves (melded)
Jewellery
 u - a ring of protection from cold (left branch)
Wands
 f - a wand of paralysis (2)
 x - a wand of iceblast (2)
Scrolls
 g - a scroll of amnesia
 n - 3 scrolls of teleportation
 s - a scroll of fog
 y - a scroll of enchant weapon
Potions
 b - a potion of haste
 e - 2 potions of curing
 i - 4 potions of attraction
 m - 4 potions of flight
 q - 3 potions of magic
 r - 5 potions of brilliance
 t - a potion of cancellation
 w - 3 potions of mutation


   Skills:
 + Level 4.8 Fighting
 + Level 4.0 Short Blades
 + Level 4.0 Long Blades
 + Level 4.0 Axes
 + Level 4.0 Maces & Flails
 + Level 4.0 Polearms
 + Level 4.0 Staves
 + Level 4.0 Ranged Weapons
 + Level 4.0 Throwing
 + Level 4.8 Armour
 + Level 7.7 Dodging
 + Level 4.0 Stealth
 + Level 4.0 Shields
 + Level 4.0 Unarmed Combat
 + Level 4.9 Spellcasting
 + Level 3.2 Conjurations
 + Level 3.2 Hexes
 + Level 3.2 Summonings
 + Level 5.1 Necromancy
 + Level 3.2 Translocations
 + Level 3.2 Transmutations
 + Level 3.2 Fire Magic
 + Level 3.2 Ice Magic
 + Level 3.2 Air Magic
 + Level 5.1 Earth Magic
 + Level 3.2 Poison Magic
 + Level 4.3 Invocations
 + Level 4.0 Evocations


You had 16 spell levels left.
You knew the following spells:

 Your Spells              Type           Power      Damage    Failure   Level
a - Sandblast             Erth           40%        2d10      1%          1

Your spell library contained the following spells:

 Spells                   Type           Power      Damage    Failure   Level
 Necrotise                Necr           80%        1d8       1%          1
 Sublimation of Blood     Necr           20%        N/A       2%          2
 Shock                    Conj/Air       56%        1d6       4%          1
 Stone Arrow              Conj/Erth      34%        3d9       9%          3
 Swiftness                Air            14%        N/A       12%         3
 Dispel Undead            Necr           20%        3d11      19%         4
 Anguish                  Hex/Necr       8%         N/A       26%         4
 Petrify                  Tmut/Erth      17%        N/A       26%         4
 Corpse Rot               Necr/Pois/Air  16%        N/A       30%         4
 Airstrike                Air            7%         2d(1-17)  36%         4
 Irradiate                Conj/Tmut      7%         3d14      73%         5
 Enfeeble                 Hex            7%         N/A       100%        7


Dungeon Overview and Level Annotations

Branches:
Dungeon (6/15)             Temple (0/1) D:4

Altars:
Cheibriados
Fedhas
Okawaru
Wu Jian
Yredelemnul
Zin
The Shining One

Annotations:
D:6 Blork the orc, Maggie


Innate Abilities, Weirdness & Mutations

You are a tree.
Your roots penetrate the ground, keeping you stationary.
You cannot be teleported.
You are immune to unholy pain and torment.
Your maximum health is greatly increased.
Your equipment is partially melded.
((You have very sharp teeth.))
Your uncanny sense of smell can sniff out nearby items.
Your experience applies equally to all skills.
You are weak. (Str -2)


Message History

Maggie is moderately wounded.
You completely miss Blork the orc.
Blork the orc is lightly wounded.
Maggie says, "Leave now, and tell all of Margery's mercy!"
Blork the orc hits you but does no damage.
You closely miss Blork the orc.
Blork the orc is lightly wounded.
You break out of your daze.
You cannot move.
Unknown command.
Unknown command.
Aiming: Iceblast
Press: ? - help, Shift-Dir - straight line, f - Blork the orc
Aim: Blork the orc, wielding a +0 scimitar and wearing a +0 robe (lightly wounded, wandering, unable to see you, hasn't noticed you)
The mass of ice explodes!
The iceblast engulfs Blork the orc!
Blork the orc is moderately wounded.
The iceblast engulfs Maggie!
Maggie is severely wounded.
Unknown command.
Unknown command.
Unknown command.
You hit Blork the orc.
Blork the orc is poisoned.
Blork the orc is heavily wounded.
Blork the orc shouts!
You hit Maggie but do no damage.
Maggie looks as sick as possible!
Maggie is severely wounded.
Maggie mumbles some strange words.
You barely miss Maggie.
Maggie is almost dead.
Maggie points at you and mumbles some strange words.
The bolt of fire hits you but does no damage.
You hit Maggie.
Maggie is almost dead.
You barely miss Maggie.
Maggie is almost dead.
Maggie practices a pose.
Maggie casts a spell at you. The bolt of fire hits you!
You die...
Your body rises from the dead as a mindless zombie.

# .......###### # #..o....# # ∆
##..####.# ..# #>........# #.#
#.......#.##.# ######## ...
..##.#.......#####......# ####.
......#..o.....))####.# #
#.##.##.#####@##########.###
......#####♣# #.....#
####.##.......#### #..#..#
####...)...####.....# ##.###.#
.....##.#...###.....# #...#.Z##
.....##.#...).......# #......Z#
.....##.<..)###.....##########Z#
###..###.#.## #....##...#...##Z#
#..###.#.# ######..#..#..##Z#
#........# #_.#.Z#..#...#


You could see Maggie (unable to see you, extremely poisoned) and Blork the orc
(wandering, unable to see you, very poisoned).

Vanquished Creatures
  Pikel (D:6)
  Grinder (D:5)
  Sigmund (D:5)
  A wyvern (D:4)
  A centaur (D:6)
  A lemure (D:6)
  A necrophage (D:5)
  A scorpion (D:5)
  3 wights (D:5)
  3 jellies
  A hound (D:4)
  An orc priest (D:6)
  Ijyb (D:5)
  An orc wizard (D:6)
  7 adders
  A shadow imp (D:6)
  A white imp (D:6)
  2 worms
  17 orcs
  4 ball pythons
  5 bats
  4 endoplasms
  3 giant cockroaches
  9 goblins
  3 hobgoblins
  16 jackals
  5 kobolds
  4 quokkas
  11 frilled lizards
  2 rats
112 creatures vanquished.

Vanquished Creatures (collateral kills)
  A jelly (D:6)
  An iguana (D:3)
  A dart slug (D:2)
  A kobold (D:2)
  A bat (D:3)
  A goblin (D:2)
6 creatures vanquished.

Vanquished Creatures (others)
  A kobold zombie (D:6)
  A jelly zombie (D:6)
  A spectral white imp (D:6)
  A worm zombie (D:2)
  A dart slug zombie (D:2)
  A frilled lizard zombie (D:3)
  A goblin zombie (D:4)
  2 jackal zombies (D:3)
  5 orc zombies
  A quokka zombie (D:4)
  2 bushes (D:5)
  11 fungi (D:3)
  13 plants (D:5)
41 creatures vanquished.

Grand Total: 159 creatures vanquished

Notes
Turn   | Place    | Note
-------+----------+-------------------------------------------
     0 | D:1      | MisterFreud the Gnoll Wanderer began the quest for the Orb.
     0 | D:1      | MisterFreud set off with the following items: a +0 club, a
                  | potion of haste, a +0 robe, a +0 pair of boots; and the
                  | following spells available to memorise: Necrotise,
                  | Sandblast, Stone Arrow, Dispel Undead, Corpse Rot.
     0 | D:1      | Reached XP level 1. HP: 17/17 MP: 4/4
     2 | D:1      | Learned a level 1 spell: Sandblast
   177 | D:1      | Reached XP level 2. HP: 7/23 MP: 0/5
   791 | D:1      | Found a faded altar of an unknown god.
   974 | D:1      | Prayed at the altar of an unknown god.
   974 | D:1      | Became a worshipper of Yredelemnul the Dark
   974 | D:1      | Reached * piety under Yredelemnul
  1143 | D:1      | Reached XP level 3. HP: 28/28 MP: 5/7
  1435 | D:2      | Reached skill level 1 in Invocations
  1612 | D:2      | Reached skill level 1 in Short Blades
  1612 | D:2      | Reached skill level 1 in Long Blades
  1612 | D:2      | Reached skill level 1 in Axes
  1612 | D:2      | Reached skill level 1 in Maces & Flails
  1612 | D:2      | Reached skill level 1 in Polearms
  1612 | D:2      | Reached skill level 1 in Staves
  1612 | D:2      | Reached skill level 1 in Ranged Weapons
  1612 | D:2      | Reached skill level 1 in Throwing
  1612 | D:2      | Reached skill level 1 in Stealth
  1612 | D:2      | Reached skill level 1 in Shields
  1612 | D:2      | Reached skill level 1 in Unarmed Combat
  1612 | D:2      | Reached skill level 1 in Evocations
  1677 | D:2      | Reached XP level 4. HP: 34/34 MP: 3/8
  1825 | D:2      | Reached ** piety under Yredelemnul
  1944 | D:2      | Reached skill level 1 in Conjurations
  1944 | D:2      | Reached skill level 1 in Hexes
  1944 | D:2      | Reached skill level 1 in Summonings
  1944 | D:2      | Reached skill level 1 in Translocations
  1944 | D:2      | Reached skill level 1 in Transmutations
  1944 | D:2      | Reached skill level 1 in Fire Magic
  1944 | D:2      | Reached skill level 1 in Ice Magic
  1944 | D:2      | Reached skill level 1 in Air Magic
  1944 | D:2      | Reached skill level 1 in Poison Magic
  2204 | D:2      | Identified a scroll of acquirement
  2204 | D:2      | Acquired the +3 broad axe of Remea {vorpal, Will+++ Str+4
                  | Int-5}
  2427 | D:3      | Found a glowing golden altar of the Shining One.
  2764 | D:3      | Found a glowing silver altar of Zin.
  2849 | D:3      | Reached XP level 5. HP: 21/41 MP: 9/9
  3254 | D:4      | Found a staircase to the Ecumenical Temple.
  3614 | D:4      | Found a basalt altar of Yredelemnul.
  3844 | D:4      | Reached XP level 6. HP: 47/47 MP: 11/11
  4023 | D:4      | Noticed a wyvern
  4033 | D:4      | Killed a wyvern
  4370 | D:5      | Entered Level 5 of the Dungeon
  4460 | D:5      | Found a snail-covered altar of Cheibriados.
  4469 | D:5      | Noticed Ijyb
  4482 | D:5      | Killed Ijyb
  4483 | D:5      | Reached skill level 7 in Dodging
  4483 | D:5      | Reached XP level 7. HP: 45/52 MP: 12/12
  4533 | D:5      | Noticed Grinder
  4554 | D:5      | Paralysed by Grinder for 4 turns
  4586 | D:5      | Killed Grinder
  4761 | D:5      | Found an ornate altar of the Wu Jian Council.
  4881 | D:5      | Found a blossoming altar of Fedhas.
  5402 | D:5      | Reached XP level 8. HP: 26/55 MP: 14/14
  5837 | D:5      | Noticed Sigmund
  5851 | D:5      | Killed Sigmund
  6014 | D:6      | Noticed Pikel
  6036 | D:6      | Paralysed by Pikel for 4 turns
  6048 | D:6      | Killed Pikel
  6326 | D:6      | Reached skill level 5 in Necromancy
  6326 | D:6      | Reached skill level 5 in Earth Magic
  6328 | D:6      | Your ally Pikel died
  6721 | D:6      | Reached XP level 9. HP: 40/66 MP: 16/16
  6913 | D:6      | Found an iron altar of Okawaru.
  6951 | D:6      | Noticed Blork the orc
  6951 | D:6      | Noticed Maggie
  6966 | D:6      | Gained mutation: You are weak. (Str -2) [potion of
                  | mutation]
  6993 | D:6      | Killed from afar by Maggie

Illustrated notes

Levels and vault maps discovered:
D:1:      tarquinn_simple_flora_water_a, layout_basic,
          ebering_ecumenical_altar_rust
D:2:      layout_loops_ring, due_unseen_surprise
D:3:      layout_basic, zin_treasury, mainiacjoe_overflow_cross_hatched,
          chequers_serial_rivers_room_a
D:4:      layout_loops_ring, amcnicky_altar_gilded, temple_pool_b
D:5:      layout_loops_ring, mainiacjoe_overflow_paths,
          fedhas_altar_decomposition, nzn_wu_jian_council_hall, uniq_ijyb,
          uniq_grinder, uniq_sigmund
D:6:      layout_loops_cross, marbit_many_paths, serial_bayou_pond_c,
          minmay_misc_feat_plants, uniq_blork_the_orc, uniq_eustachio,
          uniq_maggie, uniq_pikel

Skill      XL: |  1  2  3  4  5  6  7  8  9 |
---------------+----------------------------+-----
Invocations    | 1 2 3 4 |  4.3
Short Blades   | 1 2 3 4 |  4.0
Long Blades    | 1 2 3 4 |  4.0
Axes           | 1 2 3 4 |  4.0
Maces & Flails | 1 2 3 4 |  4.0
Polearms       | 1 2 3 4 |  4.0
Staves         | 1 2 3 4 |  4.0
Ranged Weapons | 1 2 3 4 |  4.0
Throwing       | 1 2 3 4 |  4.0
Stealth        | 1 2 3 4 |  4.0
Shields        | 1 2 3 4 |  4.0
Unarmed Combat | 1 2 3 4 |  4.0
Evocations     | 1 2 3 4 |  4.0
Spellcasting   | 3 4 |  4.9
Conjurations   | 1 2 3 |  3.2
Hexes          | 1 2 3 |  3.2
Summonings     | 1 2 3 |  3.2
Translocations | 1 2 3 |  3.2
Transmutations | 1 2 3 |  3.2
Fire Magic     | 1 2 3 |  3.2
Ice Magic      | 1 2 3 |  3.2
Air Magic      | 1 2 3 |  3.2
Poison Magic   | 1 2 3 |  3.2
Fighting       | 3 4 |  4.8
Armour         | 3 4 |  4.8
Necromancy     | 4 5 |  5.1
Earth Magic    | 4 5 |  5.1
Dodging        | 7 |  7.7

Action                   |  1- 3 |  4- 6 |  7- 9 || total
-------------------------+-------+-------+-------++-------
Melee: Club              |    46 |       |       ||    46
       Bite              |     4 |     5 |    16 ||    25
       Broad axe         |       |    61 |    19 ||    80
       Short sword       |       |    38 |   165 ||   203
       Punch             |       |     1 |     1 ||     2
 Cast: Sandblast         |    46 |    34 |       ||    80
Evoke: Wand              |       |       |     1 ||     1
  Use: Scroll            |       |     9 |     5 ||    14
       Potion            |       |       |    11 ||    11
 Stab: Sleeping          |       |     4 |     2 ||     6
       Invisible         |       |       |     1 ||     1
Armor: Robe              |    14 |    31 |    35 ||    80
       Skin              |       |       |     9 ||     9
Dodge: Dodged            |    55 |   109 |    91 ||   255
